 Dungeon Crawl Stone Soup version 0.27-a0-287-gd4424db430 (webtiles) character file.

Game seed: 991309620038177252

127 kae the Ruffian (level 4, -8/36 HPs)
             Began as a Draconian Transmuter on Feb 5, 2021.
             Mangled by a gnoll
             ... wielding a +0 halberd
              (14 damage)
             ... on level 3 of the Dungeon on Feb 8, 2021.
             The game lasted 00:03:34 (3380 turns).

kae the Ruffian (Draconian Transmuter)              Turns: 3380, Time: 00:03:35

Health: -8/36      AC:  5    Str: 14    XL:     4   Next: 85%
Magic:  7/7        EV: 12    Int: 13    God:
Gold:   342        SH:  0    Dex:  9    Spells: 7/8 levels left

rFire    . . .     SeeInvis .   c - +1 whip (elec)
rCold    . . .     Faith    .   (no shield)
rNeg     . . .     Spirit   .   (armour unavailable)
rPois    .         Reflect  .   (helmet currently unavailable)
rElec    .         Harm     .   (no cloak)
rCorr    .         Rampage  .   (no gloves)
Will     ++...                  (boots currently unavailable)
Stlth    +.........             (no amulet)
HPRegen  0.12/turn              d - ring of willpower
MPRegen  0.10/turn              (no ring)

@: appendages (expiring)
A: unfitting armour, horns 1, talons 2, clumsy 1, strong-willed 1, cold-blooded,
AC +5
a: End Transformation


You were on level 3 of the Dungeon.
You had grown temporary talons.
You visited 1 branch of the dungeon, and saw 3 of its levels.

You collected 342 gold pieces.

Inventory:

Hand Weapons
 c - a +1 whip of electrocution (weapon)
Jewellery
 d - a ring of willpower (left hand)
Wands
 e - a wand of mindburst (11)
Scrolls
 a - a scroll of enchant weapon {unknown}
 f - a scroll of identify
 h - a scroll of fear
Potions
 b - a potion of attraction
 g - a potion of might
 j - 2 potions of lignification


   Skills:
 + Level 2.2 Fighting
 + Level 2.4 Dodging
 * Level 4.1 Unarmed Combat
 + Level 2.5 Spellcasting
 + Level 2.5 Transmutations


You had 7 spell levels left.
You knew the following spells:

 Your Spells              Type           Power        Failure   Level
a - Beastly Appendage     Tmut           16%          9%          1

Your spell library contained the following spells:

 Spells                   Type           Power        Failure   Level
 Wereblood                Tmut           8%           13%         2
 Spider Form              Tmut/Pois      2%           38%         3
 Ice Form                 Ice/Tmut       5%           80%         4
 Blade Hands              Tmut           4%           93%         5


Dungeon Overview and Level Annotations

Branches:
Dungeon (3/15)

Altars:
Ashenzari


Innate Abilities, Weirdness & Mutations

Your plain brown scales are hard. (AC +5)
You cannot fit into any form of body armour.
You are cold-blooded and may be slowed by cold attacks.
You have a pair of small horns on your head.
You have razor-sharp toenails.
You are clumsy. (Dex -2)
You are strong-willed. (Will+)


Message History

The gnoll is moderately wounded.
The gnoll misses you. The gnoll hits you with a +0 halberd!
You are too injured to fight recklessly!
You are too injured to fight recklessly!
You are too injured to fight recklessly!
You hit the gnoll. You claw the gnoll, but do no damage.
You tail-slap the gnoll.
The gnoll is severely wounded.
The gnoll misses you. The gnoll hits you with a +0 halberd!
You are too injured to fight recklessly!
You are too injured to fight recklessly!
You hit the gnoll but do no damage. You tail-slap the gnoll.
The gnoll is almost dead.
The gnoll closely misses you. The gnoll hits you with a +0 halberd.
* * * LOW HITPOINT WARNING * * *
You barely miss the gnoll. Your kick misses the gnoll.
The gnoll is almost dead.
Your transformation is almost over.
The gnoll hits you from afar with a +0 halberd!
You die...

*** **,** ############,*,**
*********#######...........#*#,*
*,,,,,,,,...........#######.#.**
*,*******.................##.#*
*,* *.######@##.#####.##.#
*,*******.####*#g##.......##.#
*,*,,,,,,..g...#g########.##.#
*,*,*****,***#....# #...#.####
*,*,* *,* #....# #.#.......
*,*,*****,***#....# #...#.....
*,,,,,,,,,,,>..#.## #.......##
***,**,,,,*##.....######..####.#
*,**,*****..............# #.#


You could see 2 gnolls.

Vanquished Creatures
  2 gnolls (D:3)
  2 adders
  An ooze (D:2)
  3 worms
  A dart slug (D:3)
  2 leopard geckos (D:1)
  4 orcs (D:3)
  11 bats
  4 giant cockroaches
  5 goblins
  8 hobgoblins
  7 jackals
  4 frilled lizards
  8 kobolds
  6 rats
68 creatures vanquished.

Notes
Turn   | Place    | Note
-------+----------+-------------------------------------------
     0 | D:1      | kae the Draconian Transmuter began the quest for the Orb.
     0 | D:1      | Reached XP level 1. HP: 16/16 MP: 3/3
     0 | D:1      | Upgraded the game from 0.27-a0-277-g024f7ef292 to
                  | 0.27-a0-287-gd4424db430
   193 | D:1      | Gained mutation: You are clumsy. (Dex -2) [potion of
                  | mutation]
   193 | D:1      | Gained mutation: You have a pair of small horns on your
                  | head. [potion of mutation]
   193 | D:1      | Gained mutation: You are strong-willed. (Will+) [potion of
                  | mutation]
   295 | D:1      | Reached XP level 2. HP: 11/23 MP: 3/5
  1302 | D:1      | Reached XP level 3. HP: 29/29 MP: 4/6
  1422 | D:1      | You fall into a shaft and drop 1 floor!
  2142 | D:2      | Found a broken altar of Ashenzari.
  2428 | D:3      | Reached XP level 4. HP: 24/36 MP: 7/7
  2951 | D:3      | Reached skill level 4 in Unarmed Combat
  3380 | D:3      | Mangled by a gnoll

Illustrated notes

Levels and vault maps discovered:
D:1:      evilmike_arrival_fibonacci_small, layout_loops_corners, serial_rivers,
          chequers_serial_rivers_large_b, chequers_serial_rivers_small_3,
          chequers_serial_rivers_micro_e, chequers_serial_rivers_micro_a
D:2:      layout_basic, lemuel_doored_altar, minivault_4, minmay_tripent
D:3:      layout_loops_ring, grunt_decor_cap

Skill      XL: |  1  2  3  4 |
---------------+-------------+-----
Dodging        | 2 |  2.4
Fighting       | 2 |  2.2
Unarmed Combat | 4 |  4.1
Spellcasting   | |  2.5
Transmutations | |  2.5

Action                   |  1- 3 |  4- 6 || total
-------------------------+-------+-------++-------
Melee: Unarmed           |    28 |       ||    28
       Kick              |    13 |     8 ||    21
       Tailslap          |     8 |     7 ||    15
       Headbutt          |     7 |    10 ||    17
       Whip              |   121 |    67 ||   188
       Punch             |     1 |       ||     1
 Cast: Beastly Appendage |    25 |    13 ||    38
  Use: Potion            |     1 |       ||     1
       Scroll            |     3 |     4 ||     7
Armor: Skin              |    80 |    19 ||    99
Dodge: Dodged            |   128 |    41 ||   169

Table legend: (Time is in decaauts)
 A = Elapsed time spent in this place.
 B = Non-inter-level travel time spent in this place.
 C = Inter-level travel time spent in this place.
 D = Time resting spent in this place.
 E = Time spent auto-exploring this place.
 F = Levels seen in this place.
 G = Mean time per level.
                   A        B        C        D        E       F      G
               +--------+--------+--------+--------+--------+-----+--------+
         Total |   3433 |   3357 |     76 |     86 |   2734 |   3 | 1144.3 |
       Dungeon |   3433 |   3357 |     76 |     86 |   2734 |   3 | 1144.3 |
               +--------+--------+--------+--------+--------+-----+--------+

Top non-repeatable levels by time:
     D:1: 1823 daAuts
     D:3: 972 daAuts
     D:2: 636 daAuts
